Map: Ever Dream LE

Players

AgoElazer (Elazer) - Winner!

  • Race: Zerg Zerg
  • Spawn Location: 1:00

Zest

  • Race: Protoss Protoss
  • Spawn Location: 7:00

Event: StayAtHomestory Cup #1

VOD

Have the link to the VOD?

Description

Time

  • Played on: April 10, 2020, 8:04 a.m.
  • Length: 8:08

All games in this series

Show
View Real Time Build Order
Export as new Build Order

AgoElazer Zerg - Winner!

Build Orders: Hatch First 

Get SALT Encoding   

  12  0:00  Drone  
  13  0:13  Overlord  
  13  0:17  Drone  
  14  0:31  Drone x2  
  16  0:40  Drone  
  17  0:52  Hatchery  
  17  0:55  Drone  
  17  0:58  Drone  
  18  1:10  Extractor  
  17  1:13  Spawning Pool  
  17  1:16  Drone  
  17  1:19  Drone  
  18  1:29  Drone  
  19  1:40  Drone  
  20  1:51  Overlord  
  20  2:00  Queen  
  22  2:04  Queen  
  22  2:05  Zergling x4  
  26  2:09  Metabolic Boost  
  26  2:12  Drone  
  27  2:16  Drone  
  28  2:23  Drone  
  28  2:27  Drone  
  30  2:39  Zergling x2, Drone  
  30  2:43  Hatchery  
  30  2:48  Queen  
  32  2:52  Overlord  
  32  2:54  Drone  
  33  3:01  Drone  
  34  3:06  Drone x2  
  34  3:12  Drone x4  
  40  3:21  Overlord  
  40  3:25  Overlord  
  40  3:29  Roach Warren  
  40  3:31  Drone  
  40  3:34  Drone  
  40  3:35  Extractor  
  40  3:41  Drone x3  
  42  3:42  Drone  
  42  3:46  Drone  
  45  3:50  Queen  
  45  3:52  Drone  
  45  3:55  Overlord  
  48  4:01  Zergling x4  
  48  4:02  Zergling x2  
  51  4:04  Overlord  
  51  4:10  Roach x3  
  51  4:14  Roach  
  51  4:15  Roach  
  61  4:18  Roach  
  61  4:21  Roach  
  61  4:24  Overlord  
  65  4:26  Roach  
  65  4:29  Roach  
  71  4:31  Roach  
  71  4:34  Roach  
  73  4:41  Roach  
  73  4:44  Roach  
  73  4:45  Roach x2  
  74  4:49  Roach  
  74  4:58  Overlord  
  74  4:59  Drone x5  
  79  5:04  Lair  
  79  5:08  Drone x2  
  79  5:13  Drone  
  82  5:18  Drone x4  
  82  5:19  Drone  
  87  5:22  Extractor x2  
  87  5:23  Drone  
  87  5:27  Drone  
  87  5:36  Overlord  
  87  5:38  Drone x3  
  87  5:40  Baneling Nest  
  89  5:42  Overlord  
  89  5:47  Overlord  
  89  5:52  Overlord x2  
  89  5:53  Overlord  
  89  5:56  Ravager  
  90  5:58  Overlord  
  90  6:03  Roach x4  
  90  6:04  Glial Reconstitution  
  98  6:10  Roach x4  
  106  6:14  Overlord  
  106  6:17  Zergling x8  
  106  6:18  Overseer  
  110  6:24  Zergling x6  
  113  6:32  Centrifical Hooks, Overlord  
  113  6:34  Zergling x10  
  113  6:37  Ravager x2  
  120  6:42  Zergling x8  
  124  6:52  Overlord  
  123  6:55  Zergling x12  
  123  7:00  Zergling x2  
  130  7:06  Zergling x8  
  134  7:11  Zergling x10  
  132  7:23  Zergling x12  
  132  7:26  Hatchery  
  136  7:33  Baneling x4  
  136  7:34  Baneling x4  
  136  7:35  Zergling x12  
  137  7:39  Zergling x2  
  137  7:40  Zergling x4  
  133  7:45  Zergling x4  
Show
View Real Time Build Order
Export as new Build Order

Zest Protoss 

Build Orders: 1 Gate Expand, Mass Adepts 

Get SALT Encoding   

  12  0:00  Probe  
  13  0:13  Probe  
  14  0:19  Pylon  
  14  0:25  Probe  
  15  0:37  Probe (Chrono Boost)  
  15  0:40  Gateway  
  16  0:46  Probe (Chrono Boost)  
  16  0:49  Assimilator  
  17  0:51  Probe  
  18  1:03  Probe  
  19  1:15  Probe  
  20  1:25  Nexus  
  20  1:34  Cybernetics Core  
  20  1:38  Probe  
  21  1:43  Assimilator  
  21  1:50  Probe  
  21  1:52  Pylon  
  22  2:02  Probe (Chrono Boost)  
  22  2:08  Adept (Chrono Boost)  
  23  2:11  Warp Gate  
  23  2:12  Probe (Chrono Boost)  
  26  2:17  Probe (Chrono Boost)  
  26  2:21  Twilight Council  
  27  2:29  Probe  
  28  2:31  Stalker (Chrono Boost)  
  30  2:40  Probe  
  30  2:41  Probe  
  32  2:51  Robotics Facility  
  32  2:52  Probe  
  32  2:55  Probe  
  34  3:04  Gateway  
  34  3:06  Resonating Glaives (Chrono Boost)  
  34  3:14  Probe, Adept  
  34  3:15  Probe  
  38  3:27  Gateway  
  38  3:28  Gateway  
  38  3:31  Probe x2  
  40  3:37  Warp Prism (Chrono Boost)  
  42  3:45  Pylon  
  42  3:47  Probe  
  42  3:48  Probe  
  44  3:55  Pylon  
  44  4:00  Adept  
  46  4:03  Adept  
  46  4:04  Probe x2  
  46  4:06  Observer  
  51  4:10  Pylon  
  51  4:13  Assimilator  
  51  4:18  Probe  
  51  4:19  Probe  
  53  4:26  Adept x4  
  53  4:30  Pylon  
  61  4:31  Probe  
  61  4:32  Probe  
  59  4:48  Adept x4  
  59  4:53  Adept x3  
  59  4:58  Warp Prism (Chrono Boost)  
  63  5:01  Probe  
  63  5:02  Probe  
  63  5:08  Assimilator  
  63  5:20  Nexus  
  63  5:24  Probe x2  
  63  5:26  Observer  
  63  5:27  Sentry x4  
  73  5:33  Pylon  
  73  5:37  Probe x2, Observer  
  75  5:46  Observer  
  75  5:51  Probe x2, Immortal (Chrono Boost)  
  75  5:52  Blink (Chrono Boost)  
  81  5:57  Forge  
  81  5:58  Gateway  
  81  6:04  Stalker x2  
  85  6:15  Observer  
  85  6:16  Probe  
  86  6:30  Immortal (Chrono Boost)  
  86  6:32  Probe x2, Gateway  
  92  6:42  Probe  
  92  6:44  Probe x2  
  92  6:46  Gateway  
  95  6:47  Gateway  
  95  6:49  Gateway  
  95  6:55  Probe  
  95  6:56  Probe  
  95  6:58  Probe  
  95  7:01  Assimilator  
  98  7:02  Photon Cannon  
  98  7:05  Assimilator  
  98  7:07  Probe  
  99  7:08  Probe  
  99  7:10  Probe  
  100  7:21  Stalker  
  94  7:33  Stalker  
  94  7:34  Stalker x2  
  100  7:42  Stalker x2  
  82  7:52  Stalker  
  79  8:03  Stalker x3  
Tags
 
Add a new tag
Caveats
  • Supply blocks, unpowered buildings, or Contaminate may cause inaccurate times.
  • Supply counts are checked every 10 seconds.